Map: Pillars of Gold LE

Players

Adverse

  • Race: Protoss Protoss
  • League: Diamond
  • Spawn Location: 1:00

FeEbLeNFraiL - Winner!

  • Race: Protoss Protoss
  • League: Master
  • Spawn Location: 7:00

VOD

Have the link to the VOD?

Description

Time

  • Played on: Aug. 24, 2020, 6:15 p.m.
  • Length: 5:14
Show
View Real Time Build Order
Export as new Build Order

Adverse Protoss 

Build Orders:  

Get SALT Encoding   

  12  0:00  Probe  
  13  0:12  Probe  
  14  0:17  Pylon  
  14  0:25  Probe  
  15  0:37  Probe  
  15  0:40  Forge  
  16  0:57  Pylon  
  16  0:58  Pylon  
  16  1:05  Pylon  
  16  1:16  Photon Cannon  
  16  1:21  Photon Cannon  
  16  1:25  Pylon  
  16  1:27  Probe (Chrono Boost)  
  17  1:39  Probe (Chrono Boost), Assimilator  
  18  1:46  Gateway  
  18  1:55  Probe (Chrono Boost)  
  18  1:58  Assimilator  
  19  2:07  Probe (Chrono Boost)  
  20  2:12  Photon Cannon  
  20  2:14  Probe (Chrono Boost)  
  21  2:21  Probe  
  22  2:38  Probe (Chrono Boost)  
  22  2:39  Cybernetics Core  
  23  2:50  Probe (Chrono Boost)  
  24  2:56  Probe (Chrono Boost)  
  25  3:21  Pylon  
  25  3:23  Stargate  
  25  3:25  Shield Battery  
  25  3:33  Adept  
  27  3:42  Shield Battery  
  27  3:44  Photon Cannon  
  27  3:59  Void Ray (Chrono Boost), Photon Cannon  
  27  4:00  Shield Battery  
  25  4:27  Void Ray (Chrono Boost)  
  25  4:56  Shield Battery  
Show
View Real Time Build Order
Export as new Build Order

FeEbLeNFraiL Protoss - Winner!

Build Orders:  

Get SALT Encoding   

  12  0:00  Probe  
  13  0:12  Probe  
  14  0:18  Pylon  
  14  0:24  Probe (Chrono Boost)  
  15  0:37  Probe (Chrono Boost)  
  15  0:40  Forge  
  16  1:02  Gateway  
  16  1:15  Photon Cannon  
  16  1:18  Photon Cannon  
  16  1:25  Assimilator  
  16  1:33  Assimilator  
  16  1:34  Probe  
  17  1:48  Gateway  
  17  1:53  Cybernetics Core  
  17  1:56  Probe  
  18  2:06  Pylon  
  18  2:10  Probe  
  19  2:22  Probe  
  20  2:31  Stargate  
  20  2:33  Warp Gate (Chrono Boost)  
  20  2:46  Gateway  
  20  2:49  Probe  
  21  3:01  Probe  
  24  3:06  Void Ray (Chrono Boost)  
  26  3:25  Adept x2, Pylon  
  30  3:37  Void Ray  
  34  3:49  Pylon  
  34  4:21  Adept x2  
  35  4:36  Void Ray (Chrono Boost)  
  39  4:51  Stalker x2  
  42  4:55  Shield Battery  
Tags
 
Add a new tag
Caveats
  • Supply blocks, unpowered buildings, or Contaminate may cause inaccurate times.
  • Supply counts are checked every 10 seconds.